 Dungeon Crawl Stone Soup version 0.29.1-15-g9cfb28693d (webtiles) character file.

Game seed: 5439081164123717726

265 suse60 the Shooter (level 5, 0/38 HPs)
             Began as a Demigod Wanderer on Mar 10, 2023.
             Slain by an iguana (7 damage)
             ... on level 5 of the Dungeon on Mar 12, 2023.
             The game lasted 00:39:38 (4539 turns).

suse60 the Shooter (Demigod Wanderer)               Turns: 4539, Time: 00:39:39

Health: 0/38       AC:  5    Str: 16    XL:     5   Next: 66%
Magic:  11/11      EV: 11    Int: 12    God:
Gold:   206        SH:  0    Dex: 16    Spells: 5/9 levels left

rFire   + . .      SeeInvis .   f - +1 spear
rCold   x . .      Faith    .   (no shield)
rNeg    . . .      Spirit   .   d - +0 leather armour
rPois   +          Reflect  .   (no helmet)
rElec   .          Harm     .   l - +1 cloak of Howling Wind {rPois rF+ rC- Regen+}
rCorr   .          Rampage  .   (no gloves)
Will    .....                   (no boots)
Stlth   +.........              (no amulet)
HPRegen 0.92/turn               e - ring of wizardry
MPRegen 0.12/turn               (no ring)

@: about to teleport, studying Unarmed Combat
A: high MP 1, forlorn, divine attributes
a: no special abilities


You were on level 5 of the Dungeon.
You visited 1 branch of the dungeon, and saw 5 of its levels.

You collected 206 gold pieces.

Inventory:

Hand Weapons
 a - a +0 sling
 f - a +1 spear (weapon)
Missiles
 m - 9 stones
Armour
 d - a +0 leather armour (worn)
 l - the +1 cloak of Howling Wind (worn) {rPois rF+ rC- Regen+}
   (You found it on level 4 of the Dungeon)

   rF:        It protects you from fire.
   rC:        It makes you vulnerable to cold.
   rPois:     It protects you from poison.
   Regen:     It increases your rate of health regeneration.
Jewellery
 e - a ring of wizardry (left hand)
Wands
 j - a wand of charming (6)
 n - a wand of flame (2)
Scrolls
 c - a scroll of identify
Potions
 g - a potion of magic
 i - 2 potions of lignification
 k - 2 potions of brilliance
Miscellaneous
 b - a piece from Xom's chessboard (14/15)


   Skills:
 * Level 0.1 Fighting
 - Level 3.3 Polearms
 - Level 3.8 Ranged Weapons
 - Level 1.5 Throwing
 + Level 0.0 Unarmed Combat
 - Level 2.6 Spellcasting
 - Level 2.6 Ice Magic
 - Level 1.7 Evocations


You had 5 spell levels left.
You knew the following spells:

 Your Spells              Type           Power      Damage    Failure   Level
a - Freeze                Ice            32%        1d5       4%          1
b - Frozen Ramparts       Ice            16%        1d3       12%         3

Your spell library contained the following spells:

 Spells                   Type           Power      Damage    Failure   Level
 Apportation              Tloc           2%         N/A       12%         1
 Necrotise                Necr           4%         1d4       12%         1
 Slow                     Hex            4%         N/A       12%         1
 Summon Small Mammal      Summ           4%         N/A       12%         1
 Ozocubu's Armour         Ice            8%         N/A       12%         3
 Confusing Touch          Hex            1%         N/A       34%         3
 Vampiric Draining        Necr           1%         2d6       34%         3


Dungeon Overview and Level Annotations

Branches:
Dungeon (5/15)             Temple (0/1) D:4

Annotations:
D:2 1 runed translucent door, Crazy Yiuf
D:3 Grinder
D:4 3 runed translucent doors, fakeacct's ghost, novice HuBe


Innate Abilities, Weirdness & Mutations

You have an increased reservoir of magic. (+10% MP)
You shall have no god before yourself.
Your divine heritage dramatically boosts your attributes as you level up.


Message History

There is a stone staircase leading up here.
The orc wizard attacks as you move away!
The orc wizard hits you with a +0 dagger of pain.
The orc shouts!
You barely miss the orc wizard. You punch the orc wizard.
The orc wizard is lightly wounded.
You're too confused to move!
The scorpion stings you. The hound bites you but does no damage.
The orc wizard closely misses you. The orc hits you but does no damage.
The jackal barks!
You hit the orc wizard.
The orc wizard is lightly wounded.
The scorpion stings you but does no damage.
The hound barely misses you.
You hit the scorpion.
The scorpion is lightly wounded.
You feel less confused. The hound barely misses you.
The scorpion barely misses you.
The orc wizard mumbles some strange words.
The orc wizard flickers and vanishes!
Deactivating autopickup; reactivate with Ctrl-A.
The orc hits you with a +0 short sword. The hound closely misses you.
The scorpion stings you but does no damage.
You closely miss something. Something hits you.
The orc hits you with a +0 short sword.
A gnoll comes into view. It is wielding a +0 whip.
The hound bites you but does no damage. The scorpion stings you.
You hit something. The hound bites you. Something hits you. The orc misses you.
The scorpion stings you.
As you read the scroll of teleportation, it crumbles to dust.
You feel strangely unstable. The hound bites you but does no damage.
The orc hits you but does no damage. The iguana barely misses you.
Something hits you. The orc hits you with a +0 short sword.
The scorpion misses you. The hound bites you.
* * * LOW HITPOINT WARNING * * *
The hound attacks as you move away! The hound bites you.
* * * LOW HITPOINT WARNING * * *
The orc closely misses you. The iguana attacks as you move away!
The iguana bites you!
You die...

.............##..#
...............#
.............#
##...g.......##
$..#.............#
..................##
.##......h{h.......#
##......hso.......####
....##..oo@......##...##
..##.....l.......#.....#
......##...............##
.....# ##...............#
.#.#.##..............## .
..............>##.##
.........[.[..#...##
..##.#....##........#
#....######.....##


You could see a scorpion, an iguana, a hound, a gnoll, 3 orcs and 2 jackals.

Vanquished Creatures
  A necrophage (D:5)
  A hound (D:4)
  An orc priest (D:5)
  An iguana (D:4)
  An orc wizard (D:4)
  2 adders (D:2)
  An ufetubus (D:4)
  3 dart slugs
  2 orcs
  9 endoplasms
  A giant cockroach (D:3)
  9 goblins
  7 hobgoblins
  5 jackals
  A quokka (D:2)
  7 ball pythons
  3 frilled lizards (D:1)
  6 kobolds
  3 rats
64 creatures vanquished.

Vanquished Creatures (others)
  A fungus (D:1)
1 creature vanquished.

Grand Total: 65 creatures vanquished

Notes
Turn   | Place    | Note
-------+----------+-------------------------------------------
     0 | D:1      | suse60 the Demigod Wanderer began the quest for the Orb.
     0 | D:1      | suse60 set off with the following items: a +0 sling, a
                  | piece from Xom's chessboard (15/15), a scroll of blinking,
                  | a +0 leather armour; and the following spell memorised:
                  | Freeze; and the following spells available to memorise:
                  | Frozen Ramparts, Ozocubu's Armour.
     0 | D:1      | Reached XP level 1. HP: 14/14 MP: 6/6
   631 | D:1      | Reached XP level 2. HP: 20/20 MP: 6/8
  1146 | D:1      | Reached skill level 1 in Polearms
  1497 | D:2      | Reached XP level 3. HP: 26/26 MP: 5/9
  1573 | D:2      | Learned a level 3 spell: Frozen Ramparts
  2578 | D:2      | Found a runed translucent door.
  2579 | D:2      | Noticed Crazy Yiuf
  2888 | D:3      | Noticed Grinder
  3221 | D:3      | Reached XP level 4. HP: 33/33 MP: 10/10
  3241 | D:3      | Paralysed by Grinder for 4 turns
  3492 | D:4      | Identified the +1 cloak of Howling Wind {rPois rF+ rC-
                  | Regen+}
  3540 | D:4      | Found a runed translucent gate.
  3540 | D:4      | Found a runed translucent gate.
  3541 | D:4      | Found a runed translucent gate.
  3647 | D:4      | Noticed a hornet
  3735 | D:5      | Entered Level 5 of the Dungeon
  3735 | D:5      | Noticed a necrophage
  3757 | D:5      | Killed a necrophage
  3758 | D:5      | Reached XP level 5. HP: 13/38 MP: 8/11
  3956 | D:4      | Found a staircase to the Ecumenical Temple.
  4179 | D:3      | Paralysed by Grinder for 4 turns
  4187 | D:3      | Paralysed by Grinder for 5 turns
  4284 | D:4      | Noticed fakeacct's ghost (novice HuBe)
  4539 | D:5      | Slain by an iguana

Illustrated notes

Levels and vault maps discovered:
D:1:      enne_arrival_octagon_isle, layout_loops_ring,
          shapermc_ecumenical_altar_hornbeckon
D:2:      layout_basic, uniq_crazy_yiuf_cottage
D:3:      layout_rooms, minmay_pentangle, uniq_grinder
D:4:      layout_basic, marbit_many_paths, minmay_temple_entry_statues,
          gammafunk_ghost_necromancy, solitary_fountain,
          minmay_manual_monstrance
D:5:      lemuel_castle_with_subvaults [lemuel_castle_interior_original],
          layout_cave_pools

Skill      XL: |  1  2  3  4 |
---------------+-------------+-----
Polearms       | 1 2 3 |  3.3
Ranged Weapons | 2 3 |  3.8
Fighting       | |  0.1
Throwing       | |  1.5
Spellcasting   | |  2.6
Ice Magic      | |  2.6
Evocations     | |  1.7

Action                   |  1- 3 |  4- 6 || total
-------------------------+-------+-------++-------
Melee: Spear             |       |    74 ||    74
       Punch             |       |     1 ||     1
 Fire: Sling             |   100 |    31 ||   131
 Cast: Freeze            |    45 |    12 ||    57
       Frozen Ramparts   |       |     1 ||     1
Evoke: Wand              |       |     6 ||     6
       Piece from Xom's  |       |     2 ||     2
  Use: Scroll            |     4 |     9 ||    13
       Potion            |       |     1 ||     1
Armor: Leather armour    |     5 |    56 ||    61
Dodge: Dodged            |    21 |    74 ||    95
